 Dungeon Crawl Stone Soup version 0.28-a0-194-g42b4daccc1 (webtiles) character file.

Game seed: 7928520218048074363

236 tilp the Sneak (level 5, -1/22 HPs)
             Began as a Felid Hedge Wizard on Aug 18, 2021.
             Was an Initiate of Makhleb.
             Slain by a centaur (5 damage)
             ... on level 5 of the Dungeon.
             The game lasted 00:11:08 (8739 turns).

tilp the Sneak (Felid Hedge Wizard)                 Turns: 8739, Time: 00:11:09

Health: -1/22      AC:  1    Str:  6    XL:     5   Next: 77%
Magic:  1/10       EV: 18    Int: 17    God:    Makhleb [......]
Gold:   33         SH:  0    Dex: 15    Spells: 3/10 levels left
                                        Lives:  0   Deaths: 1

rFire   . . .      SeeInvis +     - Unarmed
rCold   . . .      Faith    .   (shield unavailable)
rNeg    . . .      Spirit   .   (armour unavailable)
rPois   .          Reflect  .   (helmet unavailable)
rElec   .          Harm     .   (cloak unavailable)
rCorr   .          Rampage  .   (gloves unavailable)
Will    .....                   (boots unavailable)
Stlth   +++.......              k - amulet of the acrobat
HPRegen 0.07/turn               (no ring)
MPRegen 0.12/turn               (no ring)

@: very slightly contaminated, quick
A: very small, claws 1, fangs 3, see invisible, speed 1, shaggy fur 1, stealthy
paws, no weapons or thrown items, no armour, multi-lived
a: Renounce Religion


You were on level 5 of the Dungeon.
You worshipped Makhleb.
Makhleb was noncommittal.
You visited 1 branch of the dungeon, and saw 5 of its levels.

You collected 233 gold pieces.
You spent 200 gold pieces at shops.

Inventory:

Jewellery
 k - an amulet of the acrobat (around neck)
Scrolls
 a - 2 scrolls of noise
 b - 2 scrolls of amnesia
 g - a scroll of blinking
 j - 3 scrolls of magic mapping
Potions
 c - 3 potions of brilliance
 d - a potion of lignification {unknown}
 e - a potion of flight {unknown}
 h - a potion of heal wounds
 i - a potion of attraction {unknown}


   Skills:
 - Level 2.0 Fighting
 - Level 4.0 Dodging
 - Level 4.0 Stealth
 - Level 2.0 Unarmed Combat
 - Level 3.0 Spellcasting
 - Level 2.0 Conjurations
 - Level 2.0 Summonings
 + Level 3.8 Translocations
 + Level 2.1 Invocations


You had 3 spell levels left.
You knew the following spells:

 Your Spells              Type           Power      Damage    Failure   Level
a - Magic Dart            Conj           36%        1d4       8%          1
b - Call Imp              Summ           9%         N/A       12%         2
c - Blink                 Tloc           N/A        N/A       5%          2
d - Searing Ray           Conj           18%        3d3       12%         2

Your spell library contained the following spells:

 Spells                   Type           Power      Damage    Failure   Level
 Passwall                 Tmut/Erth      1%         N/A       26%         2
 Slow                     Hex            2%         N/A       26%         2
 Conjure Flame            Conj/Fire      5%         6-21      34%         3
 Mephitic Cloud           Conj/Pois/Air  4%         N/A       38%         3
 Swiftness                Air            2%         N/A       45%         3
 Fulminant Prism          Conj/Hex       2%         3d6       75%         4
 Invisibility             Hex            1%         N/A       100%        6


Dungeon Overview and Level Annotations

Branches:
Dungeon (5/15)
 Temple: D:4-7

Altars:
Cheibriados
Dithmenos
Elyvilon
Makhleb
Okawaru
Wu Jian
Xom
Yredelemnul
The Shining One

Shops:
D:3 :

Annotations:
D:2 exclusions: adder and 2 orcs
D:5 Grinder


Innate Abilities, Weirdness & Mutations

You have sharp claws.
You have razor-sharp teeth.
You have supernaturally acute eyesight. (SInv)
You cover ground quickly. (Speed+)
You are covered in fur. (AC +1)
Your paws help you pounce on unaware monsters.
You are incapable of wielding weapons or throwing items.
You cannot wear armour.
You gain extra lives every three experience levels.


Message History

Aiming: Magic Dart (safe; 8% risk of failure)
Press: ? - help, Shift-Dir - straight line, f/p - centaur
Aim: a centaur, wielding a +0 shortbow, wearing a +0 robe and quivering arrows (inner flame, 100% to hit)
The magic dart hits the centaur but does no damage.
The centaur shoots an arrow.
The arrow hits you!
Ouch! That really hurt!
* * * LOW HITPOINT WARNING * * *
Unknown command.
Unknown command.
Casting: Magic Dart (safe; 8% risk of failure)
Confirm with . or Enter, or press ? or * to list all spells.
Aiming: Searing Ray (safe; 12% risk of failure)
Press: ? - help, Shift-Dir - straight line, f/p - centaur
Aim: a centaur, wielding a +0 shortbow, wearing a +0 robe and quivering arrows (inner flame, 85% to hit)
You miscast Searing Ray.
You are very lightly contaminated with residual magic.
Nothing appears to happen.
The centaur shoots an arrow.
The arrow misses you.
Unknown command.
Unknown command.
Unknown command.
Casting: Searing Ray (safe; 12% risk of failure)
Confirm with . or Enter, or press ? or * to list all spells.
Aiming: Searing Ray (safe; 12% risk of failure)
Press: ? - help, Shift-Dir - straight line, f/p - centaur
Aim: a centaur, wielding a +0 shortbow, wearing a +0 robe and quivering arrows (inner flame, 85% to hit)
The searing ray hits the centaur but does no damage. (Press . to maintain the ray.) Unknown command.
Unknown command.
Unknown command.
Unknown command.
Casting: Searing Ray (safe; 12% risk of failure)
Confirm with . or Enter, or press ? or * to list all spells.
Restarting spell: Searing Ray (safe; 12% risk of failure)
Press: ? - help, Shift-Dir - straight line, f/p - centaur
Aim: a centaur, wielding a +0 shortbow, wearing a +0 robe and quivering arrows (inner flame, 85% to hit)
The searing ray hits the centaur but does no damage. (Press . to maintain the ray.)
The centaur unwields a +0 shortbow.
The centaur hits you.
You die...

# ... .####### ..
......# .. #....##
##.## #..>..###
##$)). #.......#.
##.....## #....#
.. #.......#
#....##.#
#.....[<#
##.@.....#
#.....Z5#
#.oc..##[...
##.....)...
#..$..# #.#
#.....#.#..#.....#
# #......
..........#
#......
.<..?..$.>#
#......
.......##......
##..... .......
#...$. .......
(....


You could see a centaur (inner flame) and an orc (inner flame).

Vanquished Creatures
  Menkaure (D:4)
  An orc wizard (D:4)
  An adder (D:4)
  A dart slug (D:1)
  20 orcs
  6 ball pythons
  5 bats
  6 endoplasms
  5 giant cockroaches
  6 goblins
  7 hobgoblins
  2 kobolds
  2 quokkas (D:1)
  5 frilled lizards
  2 rats
  A spectral goblin (D:1)
71 creatures vanquished.

Vanquished Creatures (collateral kills)
  A water moccasin skeleton (D:4)
  2 hounds
  An iguana (D:4)
  An adder (D:2)
  A shadow imp (D:5)
  A kobold (D:2)
  A quokka (D:2)
  A rat (D:2)
9 creatures vanquished.

Vanquished Creatures (others)
  3 fungi (D:2)
  4 toadstools (D:2)
7 creatures vanquished.

Grand Total: 87 creatures vanquished

Notes
Turn   | Place    | Note
-------+----------+-------------------------------------------
     0 | D:1      | tilp the Felid Hedge Wizard began the quest for the Orb.
     0 | D:1      | Reached XP level 1. HP: 7/7 MP: 5/5
   227 | D:1      | Reached skill level 1 in Conjurations
   847 | D:1      | Reached skill level 1 in Unarmed Combat
   847 | D:1      | Reached XP level 2. HP: 5/11 MP: 0/7
   850 | D:1      | Learned a level 2 spell: Call Imp
   853 | D:1      | Learned a level 2 spell: Blink
  1706 | D:1      | Found a faded altar of an unknown god.
  2288 | D:1      | Reached XP level 3. HP: 14/14 MP: 3/8
  3983 | D:3      | Found Nymummax's Book Emporium.
  4733 | D:3      | Reached XP level 4. HP: 18/18 MP: 6/9
  4830 | D:3      | Reached skill level 1 in Fighting
  6164 | D:4      | Found a snail-covered altar of Cheibriados.
  6166 | D:4      | Found a shadowy altar of Dithmenos.
  6166 | D:4      | Found a burning altar of Makhleb.
  6169 | D:4      | Found a shimmering altar of Xom.
  6170 | D:4      | Found an iron altar of Okawaru.
  6171 | D:4      | Found a white marble altar of Elyvilon.
  6172 | D:4      | Found an ornate altar of the Wu Jian Council.
  6184 | D:4      | Became a worshipper of Makhleb the Destroyer
  6239 | D:4      | Reached XP level 5. HP: 22/22 MP: 2/10
  6325 | D:4      | Found a glowing golden altar of the Shining One.
  6331 | D:4      | Found a basalt altar of Yredelemnul.
  6333 | D:4      | Noticed a profane servitor
  6656 | D:4      | Noticed an angel
  6718 | D:3      | Bought a book of Conjurations for 200 gold pieces
  6721 | D:3      | Learned a level 2 spell: Searing Ray
  6775 | D:5      | Entered Level 5 of the Dungeon
  6775 | D:5      | Noticed Menkaure
  6844 | D:5      | Noticed a phantom
  7091 | D:4      | Mangled by Menkaure
  7092 | D:4      | Reached XP level 4. HP: -10/19 MP: 2/9
  7122 | D:4      | Killed Menkaure
  7123 | D:4      | Reached skill level 1 in Invocations
  7123 | D:4      | Reached XP level 5. HP: 13/22 MP: 8/10
  7933 | D:5      | Noticed a centaur
  8107 | D:5      | Noticed Grinder
  8739 | D:5      | Slain by a centaur

Illustrated notes

Levels and vault maps discovered:
D:1:      dpeg_arrival_castle, layout_basic,
          dreamdust_ecumenical_altar_drowned_temple
D:2:      layout_basic, minmay_gold_behind_fungi
D:3:      layout_loops_ring, serial_shops, nicolae_shop_crystal, minivault_19
D:4:      layout_rooms, grunt_temple_overflow_holy_war, minitemple
D:5:      layout_rooms, uniq_menkaure, uniq_grinder

Skill      XL: |  1  2  3  4  5 |
---------------+----------------+-----
Conjurations   | 1 2 |  2.0
Unarmed Combat | 1 2 |  2.0
Stealth        | 3 4 |  4.0
Dodging        | 3 4 |  4.0
Fighting       | 2 |  2.0
Translocations | 3 2 |  3.8
Summonings     | 2 |  2.0
Invocations    | 1 2 |  2.1
Spellcasting   | |  3.0

Action                   |  1- 3 |  4- 6 || total
-------------------------+-------+-------++-------
Melee: Unarmed           |    54 |    22 ||    76
       Bite              |     8 |     2 ||    10
 Cast: Magic Dart        |   120 |    36 ||   156
       Call Imp          |     7 |    20 ||    27
       Searing Ray       |       |    33 ||    33
  Use: Scroll            |     3 |     7 ||    10
       Potion            |       |     1 ||     1
 Stab: Sleeping          |     2 |     1 ||     3
Armor: Skin              |     4 |       ||     4
Dodge: Dodged            |    60 |    52 ||   112

Table legend: (Time is in decaauts)
 A = Elapsed time spent in this place.
 B = Non-inter-level travel time spent in this place.
 C = Inter-level travel time spent in this place.
 D = Time resting spent in this place.
 E = Time spent auto-exploring this place.
 F = Levels seen in this place.
 G = Mean time per level.
                   A        B        C        D        E       F      G
               +--------+--------+--------+--------+--------+-----+--------+
         Total |   8130 |   7749 |    381 |   4014 |   3014 |   5 | 1626.0 |
       Dungeon |   8130 |   7749 |    381 |   4014 |   3014 |   5 | 1626.0 |
               +--------+--------+--------+--------+--------+-----+--------+

Top non-repeatable levels by time:
     D:4: 2596 daAuts
     D:1: 2320 daAuts
     D:3: 1759 daAuts
     D:2: 1325 daAuts
     D:5: 128 daAuts
